 Dungeon Crawl Stone Soup version 0.19-a0-517-gd6a9987 (webtiles) character file.

69449 Geppetto the Unseen (level 14, -2/69 HPs)
             Began as a Spriggan Berserker on June 6, 2016.
             Was the Champion of Trog.
             Killed from afar by a catoblepas (5 damage)
             ... with a blast of calcifying dust
             ... on level 8 of the Lair of Beasts.
             The game lasted 01:14:36 (18574 turns).

Geppetto the Unseen (Spriggan Berserker)           Turns: 18574, Time: 01:14:46

Health: -2/69      AC: 12    Str: 30    XL:     14   Next: 90%
Magic:  4/4        EV:  4    Int: 10    God:    Trog [******]
Gold:   1075       SH:  0    Dex: 18    Spells: 0 memorised, 13 levels left

rFire  . . .     SeeInvis +     b - +5 quick blade (antimagic)
rCold  x . .     Gourm    .     q - +0 animal skin
rNeg   + + +     Faith    +     (shield restricted)
rPois  ∞         Spirit   .     F - +1 hat of the Iron Devil {rElec rC- Str+9}
rElec  +         Dismiss  .     t - +0 cloak
rCorr  .         Reflect  .     (gloves unavailable)
SustAt .         Harm     .     (boots unavailable)
MR     ++...                    R - amulet of faith
Stlth  +++++++++.               G - +4 ring of strength
                                k - +4 ring of strength

@: exhausted, petrified, slowed, very quick, very resistant to hostile
enchantments, incredibly stealthy
A: unfitting armour, iridescent scales 1, rough black scales 1, see invisible,
herbivore 3, speed 3, frail 1, low mp 2, mutation resistance 1, slow metabolism
2
a: Berserk, Trog's Hand, Brothers in Arms, Burn Spellbooks, Renounce Religion


You were on level 8 of the Lair of Beasts.
You worshipped Trog.
Trog was exalted by your worship.
You were very hungry.

You visited 2 branches of the dungeon, and saw 19 of its levels.
You also visited: Ossuary.

You collected 1422 gold pieces.
You spent 347 gold pieces at shops.

Inventory:

Hand Weapons
 a - the +8 rapier of the Fray {flame, rN+}
   (You bought it in a shop on level 6 of the Dungeon)

   It has been specially enchanted to burn those struck by it, causing extra
   injury to most foes and up to half again as much damage against particularly
   susceptible opponents.
   It protects you from negative energy.
 b - a +5 antimagic quick blade (weapon)
 D - the +4 Vampire's Tooth {vamp}
   (Trog gifted it to you on level 9 of the Dungeon)

   It inflicts no extra harm, but heals its wielder somewhat when it strikes a
   living foe.
 U - a +6 antimagic rapier
Missiles
 r - 34 poisoned needles
 z - 3 curare-tipped needles
Armour
 q - a +0 animal skin (worn)
 t - a +0 cloak (worn)
 F - the +1 hat of the Iron Devil (worn) {rElec rC- Str+9}
   (You found it on level 10 of the Dungeon)

   It affects your strength (+9).
   It makes you vulnerable to cold.
   It insulates you from electricity.
Jewellery
 k - a +4 ring of strength (left hand)
 v - an uncursed ring of ice
 A - an uncursed ring of poison resistance
 E - an uncursed ring of sustain attributes
 G - a +4 ring of strength (right hand)
 I - an uncursed amulet of regeneration
 R - an amulet of faith (around neck)
 W - a +2 ring of protection
Wands
 e - a wand of paralysis (17/24)
 n - a wand of lightning (4/15)
 w - a wand of hasting (9/9)
 y - a wand of teleportation (1/9)
 J - a wand of slowing (18/48)
 N - a wand of paralysis (18/24)
 T - a wand of lightning (9/15)
 Y - a wand of disintegration (13/24)
Scrolls
 d - 10 scrolls of teleportation
 g - 2 scrolls of recharging
 m - 3 scrolls of magic mapping
 o - 3 scrolls of blinking
 p - 11 scrolls of remove curse
 K - a scroll of summoning {unknown}
 L - 2 scrolls of enchant weapon
 P - a scroll of immolation {unknown}
 Q - 2 scrolls of fog
 S - a scroll of enchant armour {unknown}
 V - a scroll of holy word
Potions
 f - 2 potions of agility
 h - 11 potions of curing
 i - 5 potions of flight
 j - 3 potions of cancellation
 l - 5 potions of brilliance
 u - a potion of might
 x - 2 potions of berserk rage
 B - 6 potions of lignification
 C - a potion of invisibility
 H - a potion of cure mutation {unknown}
 M - 3 potions of heal wounds
 O - 2 potions of haste
 Z - a potion of magic
Miscellaneous
 X - a box of beasts
Comestibles
 c - 7 bread rations
 s - 8 fruits


   Skills:
 - Level 10.7 Fighting
 - Level 14.0 Short Blades
 * Level 15.5 Dodging
 + Level 19.7 Stealth
   Level 0.3 Shields


You had 13 spell levels left.
You didn't know any spells.

Dungeon Overview and Level Annotations

Branches:
Dungeon (11/15)            Temple (0/1) D:4            Lair (8/8) D:8
 Shoals (0/4) Lair:4        Snake (0/4) Lair:5        Slime (0/6) Lair:8
    Orc (0/2) D:11

Altars:
Ashenzari
Cheibriados
Dithmenos
Elyvilon
Fedhas
Hepliaklqana
Kikubaaqudgha
Makhleb
Okawaru
Pakellas
Uskayaw
Vehumet
Xom
Yredelemnul
Zin
The Shining One
Beogh
Jiyva

Shops:
D:3 }   D:4 %   D:6 (

Annotations:
D:4 exclusion: killer bee


Innate Abilities, Weirdness & Mutations

You are tiny and cannot use many weapons and most armour.
You have supernaturally acute eyesight. (SInv)
You are a herbivore.
You cover ground extremely quickly.
You need consume almost no food.
You are partially covered in iridescent scales. (AC +4)
You are partially covered in rough black scales. (AC +4, Dex -1)
You are frail. (-10% HP)
Your magical capacity is very low. (-20% MP)
You are somewhat resistant to further mutation.


Message History

The blast of calcifying dust hits you!
You are engulfed in calcifying dust.
The black mamba barely misses you. The black mamba bites you.
The catoblepas gores you!!!
You are engulfed in calcifying dust.
You are no longer berserk.
You feel yourself slow down.
You are feeling very hungry.
The black mamba bites you. The black mamba bites you!
The catoblepas gores you!!
* * * LOW HITPOINT WARNING * * *
You are engulfed in calcifying dust.
The black mamba barely misses you. The catoblepas barely misses you.
A death yak comes into view.
The black mamba bites you.
* * * LOW HITPOINT WARNING * * *
The black mamba bites you!
* * * LOW HITPOINT WARNING * * *
The catoblepas breathes a plume of calcifying dust at you.
The blast of calcifying dust hits you!
You die...

.....F......... .....
............... ....#
P#............. ....
...........###. #..<
.........### ##### #.
........##
#######.P.#### ###
.../...##
#...#......P.### #..
#YSY#........#.###.. #
#@#..........##...
....##.#...........#...
#........#.##......##..
.P.....§..#.#.#.....##..
#........##..†#....P##..
##....#§.##...#...######
####...########...#...#
..#.: #P....#...# #.....
#.....#...#


You could see a death yak (wandering), a catoblepas and a black mamba.

Vanquished Creatures
  Gastronok (Lair:1)
  Maud (D:11)
  2 hydras
  Erica (Lair:1)
  4 death yaks
  Pikel (D:5)
  A griffon (Lair:8)
  2 deep elf magi (D:10)
  A manticore (Lair:8)
  2 elephants (Lair:8)
  A centaur zombie (D:10)
  6 black mambas
  A torpor snail (Lair:6)
  8 spiny frogs
  2 rime drakes
  5 komodo dragons
  A troll (D:11)
  A polar bear (Lair:4)
  Prince Ribbit (D:8)
  6 blink frogs
  A shadow (D:9)
  2 wyverns
  31 yaks
  A wraith (D:8)
  Eustachio (D:5)
  3 basilisks
  Grum (Lair:1)
  2 steam dragons
  6 hippogriffs
  A hungry ghost (D:8)
  Menkaure (D:6)
  16 water moccasins
  5 porcupines
  Duvessa (D:5)
  3 sky beasts
  2 ice beasts
  4 orc warriors
  5 black bears
  A swamp drake (D:10)
  17 wolves
  7 centaurs
  4 ogres
  16 crocodiles
  21 giant frogs
  Dowan (D:5)
  A gnoll sergeant (D:9)
  2 wyvern zombies (D:10)
  3 scorpions
  9 killer bees
  4 wights (D:11)
  3 howler monkeys (D:5)
  2 electric eels
  9 crimson imps
  10 hounds
  A human zombie (Ossuary)
  8 orc priests
  2 giant frog skeletons
  2 giant frog zombies
  2 centaur skeletons
  An iron imp (D:10)
  9 iguanas
  Terence (D:2)
  11 orc wizards
  12 worker ants
  13 sheep
  A big kobold zombie (Ossuary)
  A hound zombie (D:11)
  3 mummies (Ossuary)
  A howler monkey zombie (D:8)
  4 gnolls
  19 adders
  A howler monkey skeleton (D:6)
  37 river rats
  A shadow imp (D:10)
  A white imp (D:10)
  3 oozes
  6 adder zombies
  An adder skeleton (D:6)
  3 worms
  4 dart slugs
  10 giant geckos
  55 orcs
  A ball python (D:1)
  3 bats
  5 giant cockroaches
  7 goblins
  5 hobgoblins
  9 jackals
  7 kobolds
  5 quokkas
  A giant gecko skeleton (D:5)
  5 giant newts
  A goblin zombie (Ossuary)
  5 hobgoblin zombies (Ossuary)
  A kobold zombie (Ossuary)
  5 quokka zombies
  10 rats
  2 rat zombies (Ossuary)
529 creatures vanquished.

Vanquished Creatures (others)
  A crimson imp (D:7)
  A giant frog skeleton (D:10)
  An orc (D:10)
  A giant cockroach (D:5)
  4 fungi
  7 plants (Lair:8)
15 creatures vanquished.

Grand Total: 544 creatures vanquished

Notes
Turn   | Place    | Note
--------------------------------------------------------------
     0 | D:1      | Geppetto the Spriggan Berserker began the quest for the Orb.
     0 | D:1      | Reached XP level 1. HP: 11/11 MP: 2/2
   184 | D:1      | Reached skill level 1 in Stealth
   215 | D:1      | Reached XP level 2. HP: 11/16 MP: 3/3
  1026 | D:2      | Noticed Terence
  1043 | D:2      | Killed Terence
  1043 | D:2      | Reached skill level 2 in Stealth
  1043 | D:2      | Reached XP level 3. HP: 17/20 MP: 4/4
  1290 | D:2      | Reached ** piety under Trog
  1381 | D:2      | Reached XP level 4. HP: 18/25 MP: 5/5
  1540 | D:2      | Reached skill level 3 in Stealth
  1627 | D:2      | Found a snail-covered altar of Cheibriados.
  1682 | D:2      | Found an iron altar of Okawaru.
  2102 | D:3      | Reached skill level 4 in Stealth
  2102 | D:3      | Reached XP level 5. HP: 29/29 MP: 6/6
  2199 | D:3      | Reached *** piety under Trog
  2654 | D:3      | Reached skill level 5 in Stealth
  2654 | D:3      | Reached XP level 6. HP: 29/34 MP: 7/7
  3017 | D:3      | Found an ancient bone altar of Kikubaaqudgha.
  3021 | D:3      | Found a blossoming altar of Fedhas.
  3132 | D:3      | Found an oddly glowing altar of Pakellas.
  3132 | D:3      | Found Pakellas's Prime Provisions.
  3632 | D:4      | Found a staircase to the Ecumenical Temple.
  3686 | D:4      | Found Hinoso Tieki's Food Emporium.
  3697 | D:4      | Bought a bread ration for 70 gold pieces
  3697 | D:4      | Bought a bread ration for 70 gold pieces
  3875 | D:4      | Reached skill level 6 in Stealth
  3942 | D:5      | Entered Level 5 of the Dungeon
  3942 | D:5      | Noticed Eustachio
  3949 | D:5      | Noticed a slave
  3950 | D:5      | Noticed Pikel
  3950 | D:5      | Noticed a slave
  3950 | D:5      | Noticed a slave
  3951 | D:5      | Noticed a slave
  3958 | D:5      | Killed Eustachio
  3958 | D:5      | Reached skill level 5 in Short Blades
  3958 | D:5      | Reached XP level 7. HP: 30/38 MP: 8/8
  4323 | D:5      | Found a shattered altar of Ashenzari.
  4378 | D:5      | Reached **** piety under Trog
  4419 | D:5      | Reached skill level 7 in Stealth
  4892 | D:5      | Noticed Duvessa
  4910 | D:5      | Killed Duvessa
  4911 | D:5      | Reached XP level 8. HP: 36/42 MP: 9/9
  4922 | D:5      | Killed Pikel
  4922 | D:5      | Reached skill level 9 in Stealth
  5071 | D:5      | Noticed Dowan
  5202 | D:5      | Killed Dowan
  5458 | D:5      | Found a burning altar of Makhleb.
  6175 | D:6      | Reached skill level 5 in Dodging
  6175 | D:6      | Reached skill level 10 in Stealth
  6304 | D:6      | Reached XP level 9. HP: 46/46 MP: 10/10
  6435 | D:6      | Noticed Menkaure
  6441 | D:6      | Killed Menkaure
  6475 | D:6      | Found Gonoronlu's Antique Weapon Shoppe.
  6950 | D:7      | Reached skill level 11 in Stealth
  7237 | D:6      | Bought an ancient rapier for 207 gold pieces
  7237 | D:6      | Identified the +8 rapier of the Fray {flame, rN+} (You bought it in a shop on level 6 of the Dungeon)
  7490 | D:7      | Found a shimmering altar of Xom.
  7490 | D:7      | Found a glowing silver altar of Zin.
  7491 | D:7      | Noticed an angel
  7636 | D:8      | Found a glowing golden altar of the Shining One.
  7638 | D:8      | Found a basalt altar of Yredelemnul.
  7638 | D:8      | Found a hide-covered altar of Uskayaw.
  7638 | D:8      | Found a shadowy altar of Dithmenos.
  7639 | D:8      | Found a hazy altar of Hepliaklqana.
  7862 | D:8      | Found a sand-covered staircase.
  7869 | Ossuary  | Entered an ossuary
  7940 | Ossuary  | Reached skill level 12 in Stealth
  8121 | Ossuary  | Gained mutation: You are partially covered in rough black scales. (AC +4, Dex -1) [potion of mutation]
  8121 | Ossuary  | Gained mutation: You are partially covered in iridescent scales. (AC +4) [potion of mutation]
  8122 | Ossuary  | Gained mutation: You are frail. (-10% HP) [potion of mutation]
  8122 | Ossuary  | Gained mutation: Your magical capacity is low. (-10% MP) [potion of mutation]
  8122 | Ossuary  | Gained mutation: Your magical capacity is very low. (-20% MP) [potion of mutation]
  8177 | D:8      | Found a radiant altar of Vehumet.
  8246 | D:8      | Reached skill level 10 in Short Blades
  8250 | D:8      | Reached ***** piety under Trog
  8289 | D:8      | Reached XP level 10. HP: 45/45 MP: 9/9
  8526 | D:8      | Found a staircase to the Lair.
  8556 | D:8      | Noticed Prince Ribbit
  8564 | D:8      | Killed Prince Ribbit
  8676 | D:8      | Found a white marble altar of Elyvilon.
  9252 | D:9      | Reached skill level 13 in Stealth
  9256 | D:9      | Received a gift from Trog
  9700 | D:10     | Entered Level 10 of the Dungeon
 10319 | D:10     | Reached skill level 14 in Stealth
 10452 | D:10     | Reached XP level 11. HP: 48/48 MP: 9/9
 10543 | D:10     | Noticed a deep elf mage
 10546 | D:10     | Killed a deep elf mage
 10553 | D:10     | Noticed a deep elf mage
 10574 | D:10     | Killed a deep elf mage
 10584 | D:10     | Got a distressingly furry hat
 10600 | D:10     | Identified the +1 hat of the Iron Devil {rElec rC- Str+9} (You found it on level 10 of the Dungeon)
 10910 | D:11     | Gained mutation: You are somewhat resistant to further mutation. [potion of beneficial mutation]
 10935 | D:11     | Found a staircase to the Orcish Mines.
 10953 | D:11     | Received a gift from Trog
 11339 | D:11     | Noticed Maud
 11684 | D:11     | Killed Maud
 11684 | D:11     | Reached skill level 15 in Stealth
 11833 | D:11     | Found a roughly hewn altar of Beogh.
 12079 | Lair:1   | Entered Level 1 of the Lair of Beasts
 12124 | Lair:1   | Noticed Grum
 12132 | Lair:1   | Reached skill level 5 in Fighting
 12140 | Lair:1   | Killed Grum
 12335 | Lair:1   | Noticed Erica
 12335 | Lair:1   | Noticed Gastronok
 12377 | Lair:1   | Killed Erica
 12391 | Lair:1   | Killed Gastronok
 12581 | Lair:1   | Reached skill level 16 in Stealth
 12838 | Lair:1   | Reached XP level 12. HP: 52/55 MP: 10/10
 13058 | Lair:2   | Received a gift from Trog
 13229 | Lair:2   | Reached skill level 18 in Stealth
 13229 | Lair:2   | Reached XP level 13. HP: 60/60 MP: 11/11
 13230 | Lair:2   | Reached XP level 14. HP: 67/67 MP: 12/12
 14435 | Lair:4   | Reached skill level 10 in Fighting
 14461 | Lair:4   | Reached ****** piety under Trog
 14754 | Lair:4   | Found a staircase to the Shoals.
 14763 | Lair:4   | Received a gift from Trog
 15061 | Lair:5   | Found a staircase to the Snake Pit.
 16451 | Lair:6   | Reached skill level 19 in Stealth
 16459 | Lair:6   | Received a gift from Trog
 17778 | Lair:8   | Entered Level 8 of the Lair of Beasts
 17781 | Lair:8   | Found a staircase to the Slime Pits.
 17781 | Lair:8   | Found a viscous altar of Jiyva.
 18085 | Lair:8   | Received a gift from Trog
 18358 | Lair:8   | Reached skill level 15 in Dodging
 18574 | Lair:8   | HP: 3/69 [black mamba (4)]
 18574 | Lair:8   | Killed from afar by a catoblepas

Vault maps used:
D:1:      grunt_arrival_crossed_arrows, hex_tiny, bh_walls_and_bars
D:2:      overflow_temple_1_default, minmay_stone_trees_small,
          kennysheep_slug_shrine, uniq_terence
D:3:      grunt_temple_overflow_growth_and_decay, johnstein_pakellas_shop,
          grunt_ministairs_12, st_stairs_14
D:4:      minmay_temple_entry_nine_rooms, serial_shops, shop, first_bread
D:5:      lightli_temple_of_fire, cheibrodos_ashenzari_chains, uniq_eustachio,
          uniq_duvessa, uniq_pikel
D:6:      serial_shops, nicolae_shop_window_shopping, uniq_menkaure
D:7:      grunt_temple_overflow_order_and_chaos_1, grunt_ogre_cave
D:8:      minmay_ornate_pinched, fiery_altar_vehumet, kennysheep_mini_moat,
          grunt_temple_overflow_open, nicolae_ossuary_entry_ruins,
          uniq_prince_ribbit1
D:10:     nicolae_lava_and_water, hangedman_minor_magic
D:11:     minmay_orc_entry_temple_small, uniq_maud
Lair:1:   uniq_erica, uniq_grum, uniq_gastronok
Lair:2:   minivault_24, grunt_megastairs_3
Lair:3:   grunt_megastairs_4
Lair:4:   minmay_shoals_entry_centaurs
Lair:5:   dummy_snake_entry
Lair:6:   serial_bayou_shore_a, lemuel_fruit_tree
Lair:8:   hangedman_lair_in_review, hangedman_lair_caniforms_friends,
          slime_altar_1, basic_altar, st_stairs_9
Ossuary:  ossuary_minmay_chase

Skill      XL: |  1  2  3  4  5  6  7  8  9 10 11 12 13 14 |
---------------+-------------------------------------------+-----
Stealth        | 1 2 4 5 6 7 10 12 14 16 18 19 | 19.7
Fighting       | 3 4 6 7 9 10 | 10.7
Short Blades   | 5 6 9 10 12 14 | 14.0
Dodging        | 5 9 12 15 | 15.5
Shields        | |  0.3

Action                   |  1- 3 |  4- 6 |  7- 9 | 10-12 | 13-15 || total
-------------------------+-------+-------+-------+-------+-------++-------
Melee: Short sword       |    96 |   204 |       |       |       ||   300
       Rapier            |       |    70 |   418 |   446 |   350 ||  1284
       Quick blade       |       |       |       |       |   216 ||   216
Invok: Berserk           |     1 |     7 |    10 |     8 |     6 ||    32
       Burn Spellbooks   |       |       |       |     2 |     2 ||     4
Evoke: Wand              |       |       |       |     2 |       ||     2
  Use: Scroll            |       |     9 |     8 |    11 |     4 ||    32
       Potion            |       |     1 |     3 |     3 |     2 ||     9
 Stab: Sleeping          |     6 |    11 |    33 |    49 |    48 ||   147
       Distracted        |       |     2 |     2 |     3 |     2 ||     9
  Eat: Bread ration      |       |     2 |     2 |     1 |     1 ||     6
       Fruit             |       |       |     4 |     2 |     5 ||    11
       Pizza             |       |       |       |     2 |       ||     2
Armor: Animal skin       |     4 |    11 |    19 |    24 |    33 ||    91
Dodge: Dodged            |    59 |   193 |   229 |   235 |   314 ||  1030
Block: Buckler           |       |     5 |       |       |       ||     5
